 Dungeon Crawl Stone Soup version 0.31-a0-986-g5e6e4ef867 (webtiles) character file.

Game seed: 3200536680063238448

23 zenocrate the Chiller (level 3, 19/19 HPs)
             Began as a Gargoyle Ice Elementalist on Nov 16, 2023.
             Quit the game on level 2 of the Dungeon.
             The game lasted 00:01:05 (960 turns).

zenocrate the Chiller (Gargoyle Ice Elementalist)    Turns: 960, Time: 00:01:05

Health: 19/19      AC:  5    Str: 13    XL:     3   Next: 0%
Magic:  6/6        EV: 12    Int: 15    God:
Gold:   28         SH:  0    Dex: 14    Spells: 6/7 levels left

rFire   . . .        b - +6 whip of Blind Justice {heavy, Dex+4}
rCold   . . .        (no shield)
rNeg    + . .        c - +0 robe
rPois   ∞            (no helmet)
rElec   +            (no cloak)
rCorr   .            (no gloves)
SInv    .            (no boots)
Will    .....        (no amulet)
Stlth   ++           (no ring)
HPRegen 0.23/turn    (no ring)
MPRegen 0.10/turn

%: no passive effects
@: no status effects
A: sickness immunity, AC +3, negative energy resistance 1, electricity
resistance, torment resistance 1, petrification resistance
a: no special abilities


You were on level 2 of the Dungeon.
You visited 1 branch of the dungeon, and saw 2 of its levels.

You collected 28 gold pieces.

Inventory:

Hand Weapons
 a - a +0 dagger
 b - the +6 whip of Blind Justice (weapon) {heavy, Dex+4}
   (You found it on level 2 of the Dungeon)

   Dex+4:     It affects your dexterity (+4).
Armour
 c - a +0 robe (worn)
Scrolls
 d - a scroll of identify {unknown}
 e - a scroll of fog {unknown}
 f - a scroll of vulnerability {unknown}
Potions
 g - a potion of berserk rage {unknown}
 h - a potion of magic


   Skills:
 + Level 0.8 Armour
 - Level 1.5 Dodging
 - Level 2.1 Stealth
 + Level 2.5 Spellcasting
 + Level 4.3 Ice Magic


You had 6 spell levels left.
You knew the following spells:

 Your Spells              Type           Power      Damage    Failure   Level
a - Freeze                Ice            60%        1d7       3%          1

Your spell library contained the following spells:

 Spells                   Type           Power      Damage    Failure   Level
 Frozen Ramparts          Ice            30%        1d5       11%         3
 Ozocubu's Armour         Ice            15%        N/A       11%         3
 Wereblood                Tmut           1%         N/A       32%         2
 Summon Ice Beast         Ice/Summ       8%         N/A       65%         4
 Summon Hydra             Summ           0%         N/A       100%        7
 Sublimation of Blood     Necr           Unusable   N/A       N/A         2

Dungeon Overview and Level Annotations

Branches:
Dungeon (2/15)

Altars:


Innate Abilities, Weirdness & Mutations

You are immune to sickness and miasma.
Your stone body is resilient. (AC +3)
You are immune to poison.
You resist negative energy. (rN+)
You are resistant to electric shocks. (rElec)
You are resistant to unholy torment.
You are immune to petrification.


Message History

You slide downwards.
The hatch slams shut behind you.
Found 5 stones, a warped whip and 13 gold pieces.
Unknown command.
There are monsters nearby!
The helpless ball python fails to defend itself.
You hit the ball python.
You kill the ball python!
A frilled lizard is nearby!
The frilled lizard hisses angrily.
You see here the +6 whip of Blind Justice {heavy, Dex+4}.
h - the +6 whip of Blind Justice {heavy, Dex+4} Adjust (i)tems, (s)pells, or (a)bilities?
h - the +6 whip of Blind Justice {heavy, Dex+4} Adjust to which letter? (? for menu, Esc to quit)
b - the +6 whip of Blind Justice {heavy, Dex+4}
h - a potion of magic You feel agile.
b - the +6 whip of Blind Justice (weapon)
{heavy, Dex+4}
Found 5 gold pieces.
You miss the frilled lizard.
The frilled lizard closely misses you. x2
You barely miss the frilled lizard. The frilled lizard closely misses you.
You whack the frilled lizard!
You kill the frilled lizard!
No target in view!
A giant cockroach comes into view.
A giant cockroach is nearby!
An endoplasm comes into view.
There are monsters nearby!
There are monsters nearby!
There are monsters nearby!
The endoplasm quivers.
You hit the giant cockroach.
You kill the giant cockroach!
You have reached level 3!
Your experience leads to an increase in your attributes!
Your base attributes are Str 11, Int 15, Dex 10.
Increase (S)trength, (I)ntelligence, or (D)exterity?
You feel stronger. x2
Unknown command.
Are you sure you want to abandon this character and quit the game? (Confirm with "yes".)

##.....###
#..J.....
#.......#
.......
####......
#....$..#
#.(...†#
#.....@#
#......#
#......#
#......#
#......#
#......#
#......#
###.....#
##......


You could see an endoplasm.

Vanquished Creatures
  2 dart slugs (D:1)
  3 ball pythons
  2 endoplasms (D:1)
  2 giant cockroaches
  2 goblins (D:1)
  A hobgoblin (D:1)
  A quokka (D:1)
  2 bats (D:1)
  2 frilled lizards
  A rat (D:1)
18 creatures vanquished.

Notes
Turn   | Place    | Note
-------+----------+-------------------------------------------
     0 | D:1      | zenocrate the Gargoyle Ice Elementalist began the quest for
                  | the Orb.
     0 | D:1      | Reached XP level 1. HP: 10/10 MP: 3/3
   201 | D:1      | Reached XP level 2. HP: 15/15 MP: 5/5
   946 | D:2      | Identified the +6 whip of Blind Justice {heavy, Dex+4}
   960 | D:2      | Reached XP level 3. HP: 19/19 MP: 6/6
   960 | D:2      | Quit the game

Illustrated notes

Levels and vault maps discovered:
D:1:      tarquinn_simple_flora_water_c, layout_basic,
          chequers_serial_rivers_small_b, hex_large, hex_tiny,
          chequers_hall_statues_corner_a
D:2:      layout_rooms

Action                     || total
---------------------------++-------
  Melee: Unarmed           ||     5
         Dagger            ||    28
         Whip              ||     4
   Cast: Freeze            ||     9
   Stab: Sleeping          ||     4
 Armour: Robe              ||    16
  Dodge: Dodged            ||    17

Table legend: (Time is in decaauts)
 A = Elapsed time spent in this place.
 B = Non-inter-level travel time spent in this place.
 C = Inter-level travel time spent in this place.
 D = Time resting spent in this place.
 E = Time spent auto-exploring this place.
 F = Levels seen in this place.
 G = Mean time per level.
                   A        B        C        D        E       F      G
               +--------+--------+--------+--------+--------+-----+--------+
         Total |    961 |    930 |     31 |      0 |    806 |   2 |  480.5 |
       Dungeon |    961 |    930 |     31 |      0 |    806 |   2 |  480.5 |
               +--------+--------+--------+--------+--------+-----+--------+

Top non-repeatable levels by time:
     D:1: 941 daAuts
     D:2: 19 daAuts
